 Dungeon Crawl Stone Soup version 0.19-a0-1011-gf162884 (webtiles) character file.

263237 AlphabetPasta the Swashbuckler (level 20, -6/131 HPs)
             Began as a Kobold Berserker on July 23, 2016.
             Was the Champion of Trog.
             Killed from afar by a deep elf elementalist (46 damage)
             ... with a fireball
             ... on level 3 of the Elven Halls on July 24, 2016.
             The game lasted 04:11:21 (37699 turns).

AlphabetPasta the Swashbuckler (Kobold Berserker)  Turns: 37699, Time: 04:11:22

Health: -6/131     AC: 14    Str: 29    XL:     20   Next: 83%
Magic:  28/28      EV: 32    Int:  5    God:    Trog [******]
Gold:   3739       SH: 15    Dex: 29    Spells: 0 memorised, 19 levels left

rFire  . . .     SeeInvis +     a - +10 rapier "Ostriugyg" {speed, Str+2}
rCold  . . .     Gourm    .     Y - +1 robe "Must" {Regen+ Str+6 Dex+2}
rNeg   . . .     Faith    .     f - +1 buckler
rPois  +         Spirit   .     C - +2 hat of Fortification {rPois SInv}
rElec  .         Dismiss  .     o - +2 cloak {rPois}
rCorr  .         Reflect  +     n - +1 pair of gloves
SustAt .         Harm     .     d - +0 pair of boots
MR     ++++.                    y - +3 amulet of reflection
Stlth  ++++++++..               S - +6 ring of dexterity
                                z - ring of protection from magic

@: lethally poisoned (-6 -> -6), regenerating, studying Armour, incredibly
resistant to hostile enchantments, extraordinarily stealthy
A: agile 1, carnivore 3
a: Berserk, Trog's Hand, Brothers in Arms, Burn Spellbooks, Renounce Religion
}: 2/15 runes: serpentine, barnacled


You were on level 3 of the Elven Halls.
You worshipped Trog.
Trog was exalted by your worship.
You were very full.

You visited 7 branches of the dungeon, and saw 35 of its levels.

You collected 3781 gold pieces.
You spent 42 gold pieces at shops.

Inventory:

Hand Weapons
 a - the +10 rapier "Ostriugyg" (weapon) {speed, Str+2}
   (Trog gifted it to you on level 12 of the Dungeon)

   Attacks with this weapon are significantly faster.
   It affects your strength (+2).
 b - a +3 greatsling of velocity
 O - the +9 falchion of the Harvest {slice, Dex+4}
   (You found it on level 15 of the Dungeon)

   It inflicts extra damage upon your enemies.
   It affects your dexterity (+4).
Missiles
 l - 299 sling bullets
Armour
 d - a +0 pair of boots (worn)
 f - a +1 buckler (worn)
 n - a +1 pair of gloves (worn)
 o - a +2 cloak of poison resistance (worn)
 C - the +2 hat of Fortification (worn) {rPois SInv}
   (You acquired it on level 15 of the Dungeon)

   It protects you from poison.
   It lets you see invisible.
 Y - the +1 robe "Must" (worn) {Regen+ Str+6 Dex+2}
   (You found it on level 2 of the Elven Halls)

   It affects your strength (+6).
   It affects your dexterity (+2).
   It increases your rate of regeneration.
Jewellery
 k - an uncursed ring of positive energy
 y - a +3 amulet of reflection (around neck)
 z - a ring of protection from magic (left hand)
 J - an uncursed ring of protection from fire
 S - a +6 ring of dexterity (right hand)
 X - an uncursed ring of ice
Wands
 c - a wand of flame (30/48)
 t - a wand of acid (0/15)
 u - a wand of enslavement (20/24)
 B - a wand of digging (14/24)
 D - a wand of iceblast (7/15)
 G - a wand of teleportation (6/9)
 I - a wand of slowing (31/48)
 P - a wand of disintegration (8/24)
 Q - a wand of heal wounds (2/9)
 U - a wand of lightning (8/15)
 Z - a wand of paralysis (8/24)
Scrolls
 j - 12 scrolls of remove curse
 p - 2 scrolls of recharging
 w - 2 scrolls of enchant armour
 A - 5 scrolls of fog
 E - 6 scrolls of enchant weapon
 K - 3 scrolls of teleportation
 R - 5 scrolls of magic mapping
 T - a scroll of blinking
 V - 4 scrolls of identify
Potions
 h - 6 potions of might
 m - 9 potions of curing
 q - 4 potions of agility
 r - a potion of berserk rage
 s - 6 potions of flight
 x - 6 potions of ambrosia
 L - a potion of cure mutation
 N - a potion of invisibility
 W - 2 potions of haste
Books
 e - a manual of Armour
Miscellaneous
 H - a fan of gales
Comestibles
 g - 10 royal jellies
 i - 24 meat rations
 v - 9 chunks of flesh
 M - 5 slices of pizza


   Skills:
 + Level 15.8 Fighting
 + Level 19.5 Short Blades
 - Level 11.0 Slings
 + Level 14.4 Armour
 + Level 13.8 Dodging
 + Level 15.9 Stealth
 + Level 13.5 Shields
 + Level 11.9 Evocations


You had 19 spell levels left.
You didn't know any spells.

Dungeon Overview and Level Annotations

Branches:
Dungeon (15/15)            Temple (0/1) D:5            Lair (6/6) D:10
 Shoals (4/4) Lair:4        Snake (4/4) Lair:2        Slime (0/5) Lair:6
    Orc (2/2) D:10            Elf (3/3) Orc:2        Vaults (1/5) D:14
 Depths (0/5) D:15

Altars:
Cheibriados
Gozag
Makhleb
Pakellas
Ru
Vehumet
Xom
Yredelemnul
Beogh
Jiyva

Shops:
D:5 =   D:7 (   D:10 %   D:14 *   Orc:2 (=::!}   Elf:1 }   Elf:2 *==

Portals:
Hell: Lair:6

Annotations:
Lair:6 exclusion: 2 doors
Elf:2 3 runed doors


Innate Abilities, Weirdness & Mutations

You are small and have problems with some larger weapons.
You are carnivorous and can eat meat at any time.
You are agile. (Dex +2)


Message History

Your wand of heal wounds (0/9) glows for a moment and now has 4 charges.
You feel sick.
Evoke which item? (* to show all) (? for menu, Esc to quit)
Zapping:
Q - a wand of heal wounds (4/9)
Press: ? - help, Shift-Dir - straight line, f - you You feel much better.
This wand has 3 charges left.
You feel sick.
Your stone giant hits the earth elemental!!!
The earth elemental is destroyed!
Your stone giant barely misses the deep elf death mage.
The ghostly deep elf high priest calls down the wrath of its god upon you.
The sphere of damnation explodes!
The damnation engulfs you!
* * * LOW HITPOINT WARNING * * *
You hear a shout!
Evoke which item? (* to show all) (? for menu, Esc to quit)
Zapping:
Q - a wand of heal wounds (3/9)
Press: ? - help, Shift-Dir - straight line, f - you You feel much better.
This wand has 2 charges left.
You feel sick.
The deep elf elementalist gestures at you while chanting.
The fireball explodes!
The fireball engulfs you!
You die...

#....(ee....# #...#..# #e#
#...'..# #(# #...#..# #e#
#...#..# #§# #...#..# #.#
#...#..# ##.## #...#..#
###########.EEe###########...#..#
.....#.......e#.@...........##''#
.....'.......)#..).........##...#
.....#.......eeC..........##.....
#############+#+########'##......
..........................'...8..
..........................'......
############################.....
≈≈≈≈≈≈≈≈≈≈≈≈≈≈≈≈≈≈≈≈≈≈≈≈≈≈≈##...#
≈≈≈≈≈≈≈≈≈≈≈≈≈≈≈≈≈≈≈≈≈≈≈≈≈≈≈≈#####


You could see a deep elf death mage, a deep elf elementalist, a ghostly deep elf
high priest, 2 earth elementals and a friendly stone giant (berserk).

Vanquished Creatures
  Mara (Snake:4)
  Saint Roka (Orc:2)
  Vashnia (Snake:4)
  Rupert (D:15)
  A deep elf master archer (Elf:3)
  A deep elf blademaster (Elf:3)
  Frances (D:14)
  A sphinx (Vaults:1)
  A kraken (Shoals:4)
  Kirke (Shoals:4)
  The ghost of plsesad the Sharpshooter, an adept MiHu of Okawaru (Snake:3)
  9 greater nagas
  The ghost of tijit the Basher, a journeyman TrWn of Uskayaw (Snake:1)
  3 deep elf sorcerers (Elf:3)
  3 vault wardens (Vaults:1)
  Aizul (Snake:4)
  An ironheart preserver (Vaults:1)
  The ghost of moogleknight the Unseen, an adept SpEn of Dithmenos (Shoals:2)
  A deep elf demonologist (Elf:3)
  2 deep elf annihilators (Elf:3)
  Azrael (D:12)
  Nessos (D:14)
  A dire elephant (Lair:6)
  The ghost of Guenter the Cleaver, a journeyman FoFi of Okawaru (Lair:5)
  3 merfolk javelineers (Shoals:4)
  Josephine (D:12)
  2 merfolk impalers
  4 deep elf death magi
  2 deep elf high priests
  3 ettins
  2 fire dragons (D:15)
  The ghost of mhoghedin the Tainter, a journeyman NaVM of Makhleb (Lair:1)
  Fannar (D:11)
  4 hydras
  4 naga warriors (Snake:4)
  Erica (D:9)
  A rakshasa (Vaults:1)
  3 merfolk avatars
  An alligator snapping turtle (Shoals:4)
  9 anacondas
  A death knight (D:14)
  9 centaur warriors
  8 death yaks
  8 dancing weapons
  2 merfolk aquamancers (Shoals:4)
  4 ogre magi
  The ghost of faon the Nimble, a novice DsBe of Trog (Orc:1)
  The ghost of alcopop the Summoner, a journeyman TeSu of Sif Muna (Lair:2)
  An orc high priest (Elf:1)
  11 naga sharpshooters
  6 shock serpents
  10 deep elf knights
  Urug (D:14)
  3 salamander mystics
  2 shadow wraiths (Vaults:1)
  12 sea snakes
  5 unseen horrors
  An unseen horror (shapeshifter) (D:15)
  4 hill giants
  4 wizards
  5 deep elf archers
  7 naga ritualists (Snake:4)
  Pikel (D:4)
  2 ironbrand convokers (Vaults:1)
  9 harpies
  7 orc knights
  A wolf spider zombie (D:15)
  4 griffons
  8 orc sorcerers
  8 salamanders
  10 ugly things
  A faun (Shoals:1)
  2 wolf spiders (Vaults:1)
  4 mana vipers (Snake:4)
  A sixfirhy (Lair:6)
  An oklob plant (D:10)
  5 cyclopes
  41 deep elf magi
  4 manticores
  2 guardian serpents
  3 vault sentinels (Vaults:1)
  5 elephants
  5 sirens
  A smoke demon (Lair:6)
  42 black mambas
  5 spiny frogs
  13 naga magi
  A water nymph (Shoals:4)
  Psyche (D:11)
  2 torpor snails (Lair:5)
  An efreet (D:14)
  3 rime drakes
  8 orange demons (Lair:6)
  A kobold demonologist (D:15)
  7 komodo dragons
  5 yaktaurs
  An ice devil (Lair:6)
  A polar bear (shapeshifter) (Elf:1)
  4 merfolk
  A tengu conjurer (D:12)
  A redback zombie (D:15)
  5 trolls
  A polar bear (Lair:5)
  A hellwing (Lair:6)
  A troll (shapeshifter) (D:14)
  30 blink frogs
  Grinder (D:4)
  13 slime creatures
  5 two-headed ogres (D:15)
  A snapping turtle (Shoals:1)
  A meliai zombie (D:14)
  Sigmund (D:2)
  37 yaks
  A shadow (D:13)
  5 air elementals
  3 wyverns
  10 hippogriffs
  8 water elementals
  6 wraiths
  3 fire elementals
  2 basilisks
  Grum (D:8)
  A hungry ghost (D:11)
  Edmund (D:4)
  48 nagas
  5 wargs
  24 water moccasins
  4 hell hounds (D:12)
  7 porcupines
  A porcupine (shapeshifter) (D:13)
  3 ice beasts
  4 sky beasts
  29 orc warriors
  4 black bears
  A necrophage (D:9)
  22 ogres
  A phantom (D:10)
  12 wolves
  5 centaurs
  10 crocodiles
  4 big kobolds
  22 giant frogs
  3 earth elementals
  6 scorpions
  24 killer bees
  3 wights (D:12)
  9 howler monkeys
  5 electric eels
  4 crimson imps
  2 giant frog zombies
  2 wasp zombies
  4 jellies
  30 orc priests
  Crazy Yiuf (D:2)
  4 centaur skeletons
  A giant frog skeleton (D:6)
  4 hounds
  9 iguanas
  42 orc wizards
  11 worker ants
  14 sheep
  2 worker ant zombies
  13 adders
  49 river rats
  2 shadow imps
  2 adder skeletons (D:4)
  An adder zombie (D:5)
  2 worms
  A dart slug (D:1)
  7 giant geckos
  88 orcs
  5 ball pythons
  A giant cockroach (D:1)
  3 goblins
  4 hobgoblins
  16 jackals
  6 quokkas
  10 bats
  3 giant gecko skeletons
  A giant newt (D:1)
  24 kobolds
  A quokka skeleton (D:6)
  A quokka zombie (D:5)
  6 rats
  2 fungi (D:2)
  2 plants
1181 creatures vanquished.

Vanquished Creatures (collateral kills)
  Bai Suzhen (Snake:4)
  Roxanne (D:14)
  A greater naga (Snake:4)
  A stone giant (Orc:1)
  A fire dragon (D:13)
  A naga warrior (Snake:4)
  A merfolk avatar (Shoals:4)
  An orc high priest (Orc:2)
  A deep troll earth mage (D:13)
  A naga sharpshooter (Snake:4)
  The ghost of magenta the Cleaver, a novice VSBe of Trog (Orc:1)
  A flayed ghost (D:13)
  3 harpies (Shoals:1)
  2 manticores (Shoals:4)
  A faun (Shoals:4)
  A naga mage (Snake:4)
  A troll (Orc:1)
  A merfolk (Shoals:4)
  A queen bee (Lair:2)
  A snapping turtle (Shoals:4)
  A fire elemental (D:12)
  A hell hound (D:12)
  3 orc warriors
  5 killer bees (Lair:2)
  2 orc priests
  4 orc wizards
  3 orcs (Orc:1)
42 creatures vanquished.

Vanquished Creatures (others)
  A naga sharpshooter (Snake:4)
  A wolf spider (D:2)
  5 humans (Shoals:4)
  A necrophage (D:14)
  An orc warrior (Vaults:1)
  An ogre (D:5)
  3 centaurs
  2 hounds
  An orc wizard (Orc:2)
  An adder (D:5)
  An adder skeleton (D:5)
  2 giant geckos (D:5)
  A giant cockroach (D:4)
  9 fungi
  14 plants
44 creatures vanquished.

Grand Total: 1267 creatures vanquished

Notes
Turn   | Place    | Note
-------+----------+-------------------------------------------
     0 | D:1      | AlphabetPasta the Kobold Berserker began the quest for the Orb.
     0 | D:1      | Reached XP level 1. HP: 14/14 MP: 1/1
    68 | D:1      | Reached XP level 2. HP: 11/19 MP: 2/2
   332 | D:1      | Reached skill level 1 in Stealth
   587 | D:1      | Reached XP level 3. HP: 20/23 MP: 3/3
   719 | D:2      | Found a radiant altar of Vehumet.
   974 | D:2      | Reached XP level 4. HP: 23/28 MP: 4/4
  1072 | D:2      | Reached ** piety under Trog
  1153 | D:2      | Reached skill level 5 in Short Blades
  1303 | D:2      | Found an oddly glowing altar of Pakellas.
  1303 | D:2      | Noticed a wolf spider
  1322 | D:2      | Killed a wolf spider
  1339 | D:2      | Noticed Sigmund
  1345 | D:2      | Killed Sigmund
  1345 | D:2      | Reached skill level 1 in Shields
  1345 | D:2      | Reached XP level 5. HP: 33/33 MP: 5/5
  1345 | D:2      | Reached XP level 6. HP: 38/38 MP: 6/6
  1642 | D:2      | Found a runed door.
  1646 | D:2      | Noticed Crazy Yiuf
  1655 | D:2      | Killed Crazy Yiuf
  1655 | D:2      | Reached skill level 6 in Short Blades
  2605 | D:4      | Noticed Pikel
  2605 | D:4      | Noticed a slave
  2606 | D:4      | Noticed a slave
  2606 | D:4      | Noticed a slave
  2606 | D:4      | Noticed a slave
  2641 | D:4      | Killed Pikel
  2641 | D:4      | Reached skill level 7 in Short Blades
  2641 | D:4      | Reached XP level 7. HP: 24/44 MP: 7/7
  2641 | D:4      | Reached XP level 8. HP: 26/48 MP: 8/8
  2733 | D:4      | Noticed Edmund
  2749 | D:4      | Killed Edmund
  2903 | D:4      | Noticed Grinder
  2929 | D:4      | Killed Grinder
  2929 | D:4      | Reached skill level 5 in Fighting
  2995 | D:4      | Found a snail-covered altar of Cheibriados.
  3068 | D:4      | Reached skill level 8 in Short Blades
  3075 | D:4      | Reached *** piety under Trog
  3348 | D:4      | Reached skill level 5 in Stealth
  3495 | D:5      | Entered Level 5 of the Dungeon
  3500 | D:5      | Found Ceng's Jewellery Shoppe.
  3613 | D:5      | Reached skill level 5 in Dodging
  3708 | D:5      | Found a staircase to the Ecumenical Temple.
  3808 | D:5      | Found a shimmering altar of Xom.
  3817 | D:5      | Reached XP level 9. HP: 54/54 MP: 9/9
  4198 | D:5      | Upgraded the game from 0.19-a0-1008-g4c63d25 to 0.19-a0-1010-gd5f540d
  4293 | D:6      | Reached skill level 9 in Short Blades
  4300 | D:6      | Reached **** piety under Trog
  4309 | D:6      | Found a snail-covered altar of Cheibriados.
  5145 | D:7      | Found Poiss's Antique Weapon Boutique.
  5435 | D:7      | Found a basalt altar of Yredelemnul.
  5435 | D:7      | Found a sacrificial altar of Ru.
  5711 | D:7      | Found an opulent altar of Gozag.
  5905 | D:8      | Reached skill level 10 in Short Blades
  5905 | D:8      | Reached XP level 10. HP: 55/60 MP: 10/10
  5943 | D:8      | Noticed Grum
  5957 | D:8      | Killed Grum
  7033 | D:9      | Reached ***** piety under Trog
  7080 | D:9      | Noticed Erica
  7105 | D:9      | Killed Erica
  7105 | D:9      | Reached skill level 11 in Short Blades
  7799 | D:10     | Entered Level 10 of the Dungeon
  7806 | D:10     | Found Sumiar's Food Shop.
  7849 | D:10     | Found a staircase to the Orcish Mines.
  7852 | D:10     | Reached skill level 5 in Armour
  7949 | D:10     | Noticed a hill giant
  7962 | D:10     | Killed a hill giant
  7962 | D:10     | Reached XP level 11. HP: 67/67 MP: 11/11
  8039 | D:10     | Noticed a hill giant
  8046 | D:10     | Killed a hill giant
  8091 | D:10     | Noticed a hill giant
  8093 | D:10     | Killed a hill giant
  8093 | D:10     | Reached skill level 12 in Short Blades
  8167 | D:10     | Found a staircase to the Lair.
  8169 | D:10     | Noticed an oklob plant
  8357 | D:10     | Killed an unseen horror
  8357 | D:10     | Reached skill level 5 in Shields
  8444 | D:10     | Received a gift from Trog
  9068 | D:11     | Noticed Psyche
  9300 | D:11     | Noticed a cyclops
  9319 | D:11     | Killed a cyclops
  9694 | D:11     | Noticed Fannar
  9702 | D:11     | Killed Psyche
  9761 | D:11     | Noticed a cyclops
  9771 | D:11     | Killed a cyclops
  9926 | D:11     | Killed Fannar
  9926 | D:11     | Reached skill level 10 in Stealth
 10256 | D:12     | Reached XP level 12. HP: 70/75 MP: 12/12
 10284 | D:12     | Noticed Josephine
 10314 | D:12     | Killed Josephine
 10314 | D:12     | Reached skill level 13 in Short Blades
 10449 | D:12     | Noticed Azrael
 10506 | D:12     | Killed Azrael
 10777 | D:12     | Killed an unseen horror
 11110 | D:12     | Killed an unseen horror
 11334 | D:12     | Received a gift from Trog
 11347 | D:12     | Got a polished rapier {god gift}
 11348 | D:12     | Identified the +10 rapier "Ostriugyg" {speed, Str+2} (Trog gifted it to you on level 12 of the Dungeon)
 11641 | D:12     | Noticed a centaur warrior
 11648 | D:12     | Killed a centaur warrior
 11648 | D:12     | Reached skill level 14 in Short Blades
 12186 | Lair:1   | Entered Level 1 of the Lair of Beasts
 12274 | Lair:1   | Noticed mhoghedin's ghost (journeyman NaVM)
 12294 | Lair:1   | Killed mhoghedin's ghost
 12294 | Lair:1   | Reached XP level 13. HP: 80/80 MP: 13/13
 12867 | Lair:1   | Reached skill level 10 in Dodging
 13136 | Lair:2   | Reached skill level 15 in Short Blades
 13300 | Lair:2   | Noticed alcopop's ghost (journeyman TeSu)
 13312 | Lair:2   | Killed alcopop's ghost
 13525 | Lair:2   | Found a staircase to the Snake Pit.
 13826 | Lair:2   | Received a gift from Trog
 14607 | Lair:3   | Reached skill level 10 in Fighting
 15447 | Lair:4   | Reached XP level 14. HP: 88/88 MP: 14/14
 15711 | Lair:4   | Found a staircase to the Shoals.
 15967 | Lair:4   | Received a gift from Trog
 16018 | Lair:4   | Reached skill level 16 in Short Blades
 17072 | Lair:5   | Reached ****** piety under Trog
 17388 | Lair:5   | Noticed Guenter's ghost (journeyman FoFi)
 17411 | Lair:5   | Killed Guenter's ghost
 17681 | Lair:6   | Entered Level 6 of the Lair of Beasts
 17828 | Lair:6   | Found a staircase to the Slime Pits.
 17828 | Lair:6   | Found a viscous altar of Jiyva.
 17885 | Lair:6   | Received a gift from Trog
 18254 | Lair:6   | Reached XP level 15. HP: 93/93 MP: 15/15
 18301 | Lair:6   | Reached skill level 17 in Short Blades
 18788 | Lair:6   | Found a burning altar of Makhleb.
 18964 | Lair:6   | Found a gateway to Hell.
 19202 | Orc:1    | Entered Level 1 of the Orcish Mines
 19202 | Orc:1    | Found a roughly hewn altar of Beogh.
 19210 | Orc:1    | Paralysed by an orc sorcerer for 7 turns
 19217 | Orc:1    | HP: 1/95 [orc warrior/halberd (4)]
 19552 | Orc:1    | Received a gift from Trog
 19668 | Orc:1    | Noticed a stone giant
 19669 | Orc:1    | Noticed magenta's ghost (novice VSBe)
 19683 | Orc:1    | Killed a stone giant
 19689 | Orc:1    | Killed magenta's ghost
 19730 | Orc:1    | Noticed faon's ghost (novice DsBe)
 19768 | Orc:1    | Killed faon's ghost
 20522 | Orc:2    | Entered Level 2 of the Orcish Mines
 20522 | Orc:2    | Found a roughly hewn altar of Beogh.
 20525 | Orc:2    | Found Ceul's Distillery.
 20531 | Orc:2    | Bought a potion of mutation for 42 gold pieces
 20839 | Orc:2    | Noticed Saint Roka
 20860 | Orc:2    | Received a gift from Trog
 20860 | Orc:2    | Reached skill level 18 in Short Blades
 20991 | Orc:2    | Killed Saint Roka
 21056 | Orc:2    | Upgraded the game from 0.19-a0-1010-gd5f540d to 0.19-a0-1011-gf162884
 21261 | Orc:2    | Found Mibly's Gadget Boutique.
 21415 | Orc:2    | Received a gift from Trog
 21566 | Orc:2    | Reached XP level 16. HP: 96/101 MP: 16/16
 21603 | Orc:2    | Found Unyh Jeew's Weapon Emporium.
 21603 | Orc:2    | Found Puda's Book Shoppe.
 21603 | Orc:2    | Found Qybain's Jewellery Emporium.
 21634 | Orc:2    | Found Ler Gikh's Book Shoppe.
 21841 | Orc:2    | Found a staircase to the Elven Halls.
 22314 | D:13     | Found a runed door.
 22496 | D:14     | Noticed Urug
 22500 | D:14     | Noticed Frances
 22523 | D:14     | Killed Urug
 22728 | D:14     | Noticed Nessos
 22731 | D:14     | Killed Nessos
 22770 | D:14     | Found a gate to the Vaults.
 22846 | D:14     | Received a gift from Trog
 22847 | D:14     | Found Jiejitus's Assorted Antiques.
 22984 | D:14     | Noticed Roxanne
 23004 | D:14     | Killed Roxanne
 23006 | D:14     | Identified Roxanne's Collected Works on Shape Shifting (You took it off Roxanne on level 14 of the Dungeon)
 23041 | D:14     | Killed Frances
 23041 | D:14     | Reached skill level 1 in Evocations
 23930 | D:15     | Entered Level 15 of the Dungeon
 23942 | D:14     | Reached skill level 19 in Short Blades
 24058 | D:15     | Reached skill level 15 in Stealth
 24230 | D:15     | Reached skill level 1 in Slings
 24520 | D:15     | Identified 3 scrolls of acquirement
 24522 | D:15     | Got a scorched hat
 24528 | D:15     | Identified the +2 hat of Fortification {rPois SInv} (You acquired it on level 15 of the Dungeon)
 24570 | D:15     | Noticed Rupert
 24610 | D:15     | Killed Rupert
 24644 | D:15     | Got a scorched falchion
 24645 | D:15     | Identified the +9 falchion of the Harvest {slice, Dex+4} (You found it on level 15 of the Dungeon)
 25068 | D:15     | Found a staircase to the Depths.
 25316 | D:15     | Reached skill level 10 in Armour
 25631 | Shoals:1 | Entered Level 1 of the Shoals
 25739 | Shoals:1 | Reached XP level 17. HP: 88/108 MP: 18/20
 25839 | Shoals:1 | Received a gift from Trog
 26233 | Shoals:2 | Noticed moogleknight's ghost (adept SpEn)
 26262 | Shoals:2 | Killed moogleknight's ghost
 26289 | Shoals:1 | Reached skill level 5 in Evocations
 26374 | Shoals:4 | Entered Level 4 of the Shoals
 26374 | Shoals:4 | Noticed Kirke
 26384 | Shoals:4 | Killed Kirke
 26458 | Shoals:4 | Reached skill level 5 in Slings
 26980 | Shoals:4 | Noticed a kraken
 27007 | Shoals:4 | Killed a kraken
 27007 | Shoals:4 | Received a gift from Trog
 27059 | Shoals:4 | Got a barnacled rune of Zot
 27222 | Snake:1  | Entered Level 1 of the Snake Pit
 27479 | Snake:1  | Noticed tijit's ghost (journeyman TrWn)
 27490 | Snake:1  | Reached skill level 10 in Shields
 27513 | Snake:1  | Killed tijit's ghost
 28326 | Snake:2  | Reached XP level 18. HP: 73/115 MP: 23/23
 28515 | Snake:2  | Got a scorched lead amulet
 28516 | Snake:2  | Identified the amulet "Kayddini" {Dismiss Slay+3} (You found it on level 2 of the Snake Pit)
 28719 | Snake:2  | Received a gift from Trog
 28919 | Snake:3  | Noticed plsesad's ghost (adept MiHu)
 28985 | Snake:3  | Killed plsesad's ghost
 29159 | Snake:4  | Entered Level 4 of the Snake Pit
 29557 | Snake:4  | HP: 4/116 [salamander/trident (15)]
 30014 | Snake:4  | Noticed Bai Suzhen
 30148 | Snake:4  | Killed Bai Suzhen
 30213 | Snake:4  | Noticed Aizul
 30250 | Snake:4  | Killed Aizul
 30298 | Snake:4  | Noticed Mara
 30373 | Snake:4  | Noticed AlphabetPasta's illusion
 30390 | Snake:4  | Killed Mara
 31055 | Snake:4  | Received a gift from Trog
 31129 | Snake:4  | Reached XP level 19. HP: 109/122 MP: 26/26
 31421 | Snake:4  | Received a gift from Trog
 32063 | Snake:4  | Reached skill level 10 in Evocations
 32101 | Snake:4  | Received a gift from Trog
 32131 | Snake:4  | Noticed Vashnia
 32269 | Snake:4  | Killed Vashnia
 32269 | Snake:4  | Received a gift from Trog
 32269 | Snake:4  | Reached skill level 10 in Slings
 32581 | Snake:4  | Received a gift from Trog
 32808 | Snake:4  | Got a serpentine rune of Zot
 33372 | Vaults:1 | Entered Level 1 of the Vaults
 33415 | Vaults:1 | Reached skill level 15 in Fighting
 34094 | Vaults:1 | Received a gift from Trog
 34470 | Vaults:1 | Reached XP level 20. HP: 129/129 MP: 28/28
 34941 | Elf:1    | Entered Level 1 of the Elven Halls
 35145 | Elf:1    | Got a fine leather armour
 35146 | Elf:1    | Identified the cursed +0 leather armour "Soma" {*Corrode Dex+4 Stlth+} (You found it on level 1 of the Elven Halls)
 35382 | Elf:1    | Received a gift from Trog
 35492 | Elf:1    | Found Xogoeg's Gadget Shop.
 35673 | Elf:1    | Gained mutation: You are agile. (Dex +2) [potion of beneficial mutation]
 35779 | Elf:2    | Found Ruffirch's Jewellery Boutique.
 35803 | Elf:2    | Got a distressingly furry robe
 35804 | Elf:2    | Identified the +1 robe "Must" {Regen+ Str+6 Dex+2} (You found it on level 2 of the Elven Halls)
 35991 | Elf:2    | Found a runed gate.
 35991 | Elf:2    | Found a runed gate.
 35991 | Elf:2    | Found a runed gate.
 36053 | Elf:2    | Found Buicir's Jewellery Emporium.
 36104 | Elf:2    | Received a gift from Trog
 36156 | Elf:2    | Found Aqis's General Store.
 36332 | Elf:2    | Received a gift from Trog
 36465 | Elf:3    | Entered Level 3 of the Elven Halls
 36981 | Elf:3    | Received a gift from Trog
 37411 | Elf:3    | Noticed a Tzitzimitl
 37690 | Elf:3    | HP: 6/131 [deep elf annihilator/poison arrow (17)]
 37699 | Elf:3    | Killed from afar by a deep elf elementalist

Vault maps used:
D:1:      lightli_iron_boxes
D:2:      old_standard_altar, first_bread, gammafunk_pakellas_cloud_experiment,
          uniq_sigmund, uniq_crazy_yiuf_cottage
D:3:      minmay_misc_feat_hallway
D:4:      cheibriados_altar_1, uniq_pikel, uniq_grinder, uniq_edmund
D:5:      serial_shops, nicolae_shop_waterfront, xom_confusion_cloud
D:6:      old_standard_altar, fountainhead
D:7:      gammafunk_temple_overflow_wave, serial_shops, shop_statue,
          nicolae_gozag_cash_rules_everything_around_me
D:8:      grunt_ogre_cave, uniq_grum
D:9:      uniq_erica
D:10:     dpeg_oklobed_lair, serial_shops, nicolae_shop_waterfront
D:11:     st_stairs_12, uniq_fannar, uniq_psyche
D:12:     uniq_azrael, uniq_josephine
D:13:     minivault_13
D:14:     erik_vaults_1, serial_shops, kennysheep_mini_moat,
          roderic_cross_of_infinity, uniq_nessos, uniq_roxanne, uniq_urug,
          uniq_frances
D:15:     grunt_enter_depths_hoard, minmay_fountain_box, uniq_rupert
Lair:1:   grunt_megastairs_3
Lair:2:   minmay_snake_entry_six_corridors, special_room, serial_bayou_shore_a
Lair:4:   minmay_shoals_entry_lonely_mermaid, beast_lair_carwin_6
Lair:5:   grunt_megastairs_2
Lair:6:   evil_forest, slime_altar_1
Shoals:1: nicolae_shoals_stone_sculpture_thing, nicolae_shoals_dead_sea_scrolls
Shoals:3: lemuel_centaur_altar
Shoals:4: shoals_end_hangedman, shoals_ilsuiw_ice, uniq_kirke
Snake:1:  grunt_megastairs_4, uniq_nikola
Snake:2:  nicolae_sea_snake_s, spider_trap
Snake:3:  serial_bayou_shore_b
Snake:4:  minmay_snake_end_coiled, grunt_ministairs_5, uniq_vashnia,
          uniq_bai_suzhen, uniq_mara, uniq_aizul
Orc:1:    basic_altar
Orc:2:    st_orc_mages, basic_altar, serial_shops, shop, shop, uniq_saint_roka
Elf:1:    elf_arrival_001, serial_shops, shop, kennysheep_underground_church,
          minmay_misc_feat_diagonals
Elf:2:    serial_shops, shop, nicolae_shop_temple_entry_statues_fountains, shop
Elf:3:    elf_hall, wad_floor_pattern_untrapped
Vaults:1: v_alt_pattern_2, ontoclasm_vaults_pinch, hangedman_vaults_locks,
          ontoclasm_vaults_misaligned, ontoclasm_vaults_spin, st_cross,
          ontoclasm_vaults_ring_small, nicolae_vaults_network_periphery,
          v_alt_pattern_5

Skill      XL: |  1  2  3  4  5  6  7  8  9 10 11 12 13 14 15 16 17 18 19 20 |
---------------+-------------------------------------------------------------+-----
Stealth        | 1 2 4 5 7 8 10 11 12 13 14 15 | 15.9
Armour         | 2 3 4 5 6 7 8 9 10 11 12 13 14 | 14.4
Short Blades   | 5 7 8 10 11 12 14 15 16 18 19 | 19.5
Fighting       | 4 5 6 7 8 9 10 11 12 13 14 15 | 15.8
Dodging        | 3 4 5 6 7 8 9 10 11 12 13 | 13.8
Shields        | 1 2 3 4 5 6 7 8 10 11 13 | 13.5
Evocations     | 4 7 9 11 | 11.9
Slings         | 3 6 9 10 11 | 11.0

Action                   |  1- 3 |  4- 6 |  7- 9 | 10-12 | 13-15 | 16-18 | 19-21 || total
-------------------------+-------+-------+-------+-------+-------+-------+-------++-------
Melee: Short sword       |    98 |   108 |       |       |       |       |       ||   206
       Dagger            |       |    42 |   242 |   743 |    17 |       |       ||  1044
       Rapier            |       |       |       |   123 |  1501 |  1534 |   968 ||  4126
       Scimitar          |       |       |       |    10 |       |       |       ||    10
 Fire: Hunting sling     |       |       |       |       |       |    18 |       ||    18
       Greatsling        |       |       |       |       |       |     9 |    58 ||    67
Invok: Berserk           |     3 |     3 |     3 |    13 |    12 |    17 |     8 ||    59
       Burn Spellbooks   |       |     1 |     3 |     3 |     1 |     2 |     5 ||    15
       Trog's Hand       |       |       |     1 |     4 |     3 |    10 |     3 ||    21
       Brothers in Arms  |       |       |       |     3 |     6 |     7 |     2 ||    18
Evoke: Wand              |       |       |       |     7 |     7 |    21 |     9 ||    44
  Use: Scroll            |       |    10 |     6 |    11 |     6 |    12 |     5 ||    50
       Potion            |       |       |       |     5 |     2 |     8 |     1 ||    16
 Stab: Sleeping          |     3 |     9 |    23 |    26 |    59 |    37 |    34 ||   191
       Distracted        |       |       |     1 |     8 |    12 |     9 |     4 ||    34
       Confused          |       |       |     1 |       |       |       |       ||     1
       Paralysed         |       |       |       |     1 |       |       |       ||     1
  Eat: Chunk             |    12 |     8 |    12 |    39 |    48 |    44 |    27 ||   190
       Beef jerky        |       |       |       |       |     1 |     8 |       ||     9
       Royal jelly       |       |       |       |       |       |       |     2 ||     2
Armor: Animal skin       |    14 |    15 |    17 |    25 |       |       |       ||    71
       Robe              |       |       |       |    29 |    62 |    52 |    38 ||   181
Dodge: Dodged            |    64 |    46 |    86 |   285 |   425 |   543 |   298 ||  1747
Block: Buckler           |     7 |    18 |    55 |   228 |   336 |   455 |   244 ||  1343
       Reflection        |       |       |     1 |    13 |     6 |    44 |    21 ||    85
